 Dungeon Crawl Stone Soup version 0.20-a0-2-g2b0e13a (webtiles) character file.

100 JeffiDaFish the Chopper (level 4, -3/41 HPs)
             Began as a Hill Orc Fighter on Oct 29, 2016.
             Killed by nerve-wracking pain
             ... invoked by Grinder
              (13 damage)
             ... on level 3 of the Dungeon.
             The game lasted 00:08:34 (1560 turns).

JeffiDaFish the Chopper (Hill Orc Fighter)          Turns: 1560, Time: 00:08:34

Health: -3/41      AC: 12    Str: 24    XL:     4   Next: 73%
Magic:  4/4        EV:  5    Int:  8    God:
Gold:   152        SH: 10    Dex: 10    Spells: 0 memorised, 3 levels left

rFire  . . .     SeeInvis .     a - +0 war axe
rCold  . . .     Gourm    .     k - +0 plate armour
rNeg   . . .     Faith    .     c - +0 shield
rPois  .         Spirit   .     (no helmet)
rElec  .         Reflect  .     (no cloak)
rCorr  .         Harm     .     (no gloves)
MR     .....                    (no boots)
Stlth  ..........               (no amulet)
                                (no ring)
                                (no ring)

@: mighty
A: no striking features
a: no special abilities


You were on level 3 of the Dungeon.
You were hungry.

You visited 1 branch of the dungeon, and saw 3 of its levels.

You collected 152 gold pieces.

Inventory:

Hand Weapons
 a - a +0 war axe (weapon)
Armour
 c - a +0 shield (worn)
 k - a +0 plate armour (worn)
Scrolls
 e - 4 scrolls of recharging
 i - 2 scrolls of teleportation
Comestibles
 f - a bread ration
 g - 2 chunks of flesh
 h - a meat ration
 j - a beef jerky


   Skills:
 + Level 4.9 Fighting
 * Level 6.1 Axes
 + Level 4.6 Armour
 + Level 2.0 Dodging
 + Level 2.2 Stealth
   Level 0.0 Stabbing
 + Level 4.6 Shields
   Level 0.0 Traps
 + Level 0.9 Unarmed Combat


You had 3 spell levels left.
You didn't know any spells.

Dungeon Overview and Level Annotations

Branches:
Dungeon (3/15)

Altars:
Cheibriados
Vehumet

Annotations:
D:3 Grinder


Message History

You closely miss Grinder.
Grinder is lightly wounded.
Grinder hits you.
You writhe in agony.
Grinder hits you but does no damage.
You closely miss Grinder.
Grinder is lightly wounded.
Grinder gestures at you.
You suddenly lose the ability to move!
Grinder hits you but does no damage. x2
You are feeling hungry.
Grinder gestures at you. You resist with significant effort. Grinder hits you.
Grinder hits you but does no damage.
You can move again.
You closely miss Grinder. Grinder barely misses you.
You closely miss Grinder. Grinder hits you.
You writhe in agony.
* * * LOW HITPOINT WARNING * * *
Grinder gestures at you. Pain shoots through your body!
You die...

#.# #.##.#
#(##.# #)##.#
#.##.# #
#....#
#.#)##.#
#......#+#.#
#....@<....#
#....5.....#
#............#
#####........#
#........#
#........#
#........#
#........#


You could see Grinder.

Vanquished Creatures
  An adder (D:2)
  2 worms (D:2)
  A dart slug (D:1)
  3 leopard geckos
  An orc (D:3)
  12 bats
  3 giant cockroaches
  7 goblins
  3 hobgoblins (D:1)
  8 jackals
  2 quokkas (D:2)
  5 frilled lizards
  8 kobolds
  6 rats
62 creatures vanquished.

Notes
Turn   | Place    | Note
-------+----------+-------------------------------------------
     0 | D:1      | JeffiDaFish the Hill Orc Fighter began the quest for the Orb.
     0 | D:1      | Reached XP level 1. HP: 19/19 MP: 1/1
   141 | D:1      | Reached XP level 2. HP: 27/27 MP: 2/2
   142 | D:1      | Reached skill level 5 in Axes
   236 | D:1      | Reached XP level 3. HP: 34/35 MP: 3/3
   778 | D:2      | Reached XP level 4. HP: 33/41 MP: 4/4
  1189 | D:2      | Reached skill level 6 in Axes
  1384 | D:2      | Found a radiant altar of Vehumet.
  1384 | D:2      | Found a snail-covered altar of Cheibriados.
  1520 | D:3      | Noticed Grinder
  1553 | D:3      | Paralysed by Grinder for 6 turns
  1560 | D:3      | Killed from afar by Grinder

Vault maps used:
D:1:      dpeg_arrival_long_road, minmay_misc_feat_doors,
          kennysheep_flooded_box, kennysheep_minor_cross
D:2:      gammafunk_temple_overflow_wave, st_stairs_12
D:3:      first_bread, kennysheep_generic_room_15, uniq_grinder

Skill      XL: |  1  2  3  4 |
---------------+-------------+-----
Fighting       | 4 |  4.9
Axes           | 5 6 |  6.1
Armour         | 4 |  4.6
Dodging        | 2 |  2.0
Stealth        | 2 |  2.2
Shields        | 4 |  4.6
Unarmed Combat | |  0.9

Action                   |  1- 3 |  4- 6 || total
-------------------------+-------+-------++-------
Melee: War axe           |    85 |   101 ||   186
  Use: Scroll            |     3 |       ||     3
       Potion            |     3 |     3 ||     6
  Eat: Chunk             |       |     2 ||     2
Armor: Scale mail        |    34 |    10 ||    44
       Plate armour      |       |    63 ||    63
Dodge: Dodged            |    44 |    22 ||    66
Block: Shield            |    39 |    60 ||    99
